 Dungeon Crawl Stone Soup version 0.25-a0-782-g655279c (webtiles) character file.

Game seed: 17877653104232973954, levelgen mode: deterministic

52600 slowcore the Frost Mage (level 14, -21/123 HPs)
             Began as a Naga Ice Elementalist on Apr 14, 2020.
             Was the Champion of Cheibriados.
             Demolished by an orc warlord
             ... wielding a +3 dire flail of protection
              (24 damage)
             ... on level 9 of the Dungeon on Apr 16, 2020.
             The game lasted 01:32:42 (26771 turns).

slowcore the Frost Mage (Naga Ice Elementalist)    Turns: 26771, Time: 01:32:42

Health: -21/123    AC:  8    Str: 30    XL:     14   Next: 64%
Magic:  1/22       EV: 19    Int: 34    God:    Cheibriados [******]
Gold:   1635       SH: 16    Dex: 34    Spells: 1/24 levels left

rFire    . . .     SeeInvis +   g - +2 flail (drain)
rCold    . . .     Gourm    .   L - +1 kite shield
rNeg     + . .     Faith    .   P - +0 troll leather armour
rPois    +         Spirit   .   R - +2 hat
rElec    .         Reflect  .   (no cloak)
rCorr    +         Harm     .   (no gloves)
MR       +....                  (no barding)
Stlth    +++.......             (no amulet)
HPRegen  0.70/turn              k - ring of resist corrosion
MPRegen  0.18/turn              y - ring "Wateugot" {rN+ Str+4 Dex+6}

@: very slow
A: large, see invisible, deformed body, poison resistance, slowness 2, slow
metabolism 1, spit poison 1, constrict 1, AC +4
a: Spit Poison, Bend Time, Temporal Distortion, Slouch, Step From Time, Renounce
Religion


You were on level 9 of the Dungeon.
You worshipped Cheibriados.
Cheibriados was exalted by your worship.
You were not hungry.

You visited 4 branches of the dungeon, and saw 18 of its levels.
You also visited: Ossuary and Ice Cave.

You collected 1635 gold pieces.

Inventory:

Hand Weapons
 d - a +0 flail
 g - a +2 flail of draining (weapon)
 h - a +0 spear of venom
 r - a +2 flail of holy wrath
 s - a +0 war axe
 t - a +1 whip of freezing
Missiles
 j - 10 throwing nets (quivered)
Armour
 a - a +0 robe
 H - a +0 helmet
 L - a +1 kite shield (worn)
 O - +0 steam dragon scales
 P - a +0 troll leather armour (worn)
 R - a +2 hat (worn)
Jewellery
 k - a ring of resist corrosion (left hand)
 n - an uncursed amulet of harm
 y - the ring "Wateugot" (right hand) {rN+ Str+4 Dex+6}
   (You found it in an ice cave)

   [ring of positive energy]

   It affects your strength (+4).
   It affects your dexterity (+6).
   It protects you from negative energy.
Wands
 K - a wand of digging (9)
 M - a wand of disintegration (20)
 Q - a wand of flame (17)
Scrolls
 e - 3 scrolls of random uselessness
 f - 3 scrolls of immolation
 i - 10 scrolls of remove curse
 l - 5 scrolls of amnesia
 m - 3 scrolls of magic mapping
 q - 4 scrolls of enchant weapon
 w - 4 scrolls of enchant armour
 x - 3 scrolls of identify
 C - a scroll of vulnerability
 I - a scroll of summoning {unknown}
 J - a scroll of fog {unknown}
Potions
 b - 7 potions of brilliance
 p - 4 potions of lignification
 u - 3 potions of haste
 v - 4 potions of stabbing {unknown}
 z - 2 potions of heal wounds
 A - 3 potions of mutation {unknown}
 B - 2 potions of ambrosia
 D - 4 potions of curing
 E - 3 potions of might {unknown}
 F - 3 potions of resistance {unknown}
 G - 3 potions of flight {unknown}
Comestibles
 c - 26 rations
 o - 3 chunks of flesh


   Skills:
 - Level 7.0 Fighting
 + Level 8.0 Dodging
 - Level 3.0 Stealth
 - Level 9.7 Shields
 - Level 5.7 Spellcasting
 * Level 8.8 Conjurations
 - Level 5.3 Summonings
 - Level 5.1 Transmutations
 * Level 11.6 Ice Magic
 - Level 5.1 Earth Magic
 + Level 9.2 Invocations


You had one spell level left.
You knew the following spells:

 Your Spells              Type           Power        Failure   Level  Hunger
a - Freeze                Ice            ####         1%          1    None
b - Frozen Ramparts       Ice            ######       1%          3    None
c - Summon Ice Beast      Ice/Summ       ######..     1%          4    ##.....
d - Stone Arrow           Conj/Erth      ######       1%          3    None
e - Statue Form           Tmut/Erth      #####....    63%         6    ######.
f - Freezing Cloud        Conj/Ice/Air   ######....   38%         6    ######.

Your spell library contained the following spells:

 Spells                   Type           Power        Failure   Level  Hunger
 Summon Butterflies       Summ           #####...     1%          1    None
 Call Canine Familiar     Summ           #####...     1%          3    None
 Ozocubu's Armour         Chrm/Ice       #####...     1%          3    None
 Hailstorm                Conj/Ice       ######..     1%          4    ##.....
 Irradiate                Conj/Tmut      ######....   7%          5    #####..
 Summon Mana Viper        Hex/Summ       ####....     38%         5    #####..
 Cause Fear               Hex            #.........   41%         4    ##.....
 Yara's Violent Unravell  Hex/Tmut       ####......   41%         5    #####..
 Hydra Form               Tmut           #####.....   63%         6    ######.
 Silence                  Hex/Air        #.........   77%         5    #####..
 Dragon Form              Tmut           #####.....   99%         7    #######
 Summon Hydra             Summ           #####.....   99%         7    #######
 Deflect Missiles         Chrm/Air       #.........   100%        6    ######.
 Malign Gateway           Summ/Tloc      ####......   100%        7    #######
 Discord                  Hex            #.........   100%        8    #######


Dungeon Overview and Level Annotations

Branches:
Dungeon (10/15)            Temple (1/1) D:6            Lair (6/6) D:8
 Shoals (0/4) Lair:2        Snake (0/4) Lair:2        Slime (0/5) Lair:5
    Orc (1/2) D:9         Ossuary (visited)           IceCv (visited)

Altars:
Cheibriados
Elyvilon
Kikubaaqudgha
Qazlal
Ru
Wu Jian
Xom
Yredelemnul
Zin
The Shining One
Jiyva

Annotations:
Lair:1 exclusion: oklob plant


Innate Abilities, Weirdness & Mutations

You cannot wear boots.
Your serpentine skin is tough. (AC +4)
You have supernaturally acute eyesight. (SInv)
Armour fits poorly on your strangely shaped body.
Your system is resistant to poisons. (rPois)
You cover ground very slowly.
You have a slow metabolism.
You can spit poison.
You can use your snake-like lower body to constrict enemies.


Message History

The orc priest invokes the aid of Beogh against you.
You easily resist.
The orc warlord hits you with a +3 dire flail of protection!!
* * * LOW HITPOINT WARNING * * *
Okay, then.
Evoke which item? (* to show all) (? for menu, Esc to quit)
Okay, then.
You can feel time thicken for a moment.
You kill the orc priest!
Cheibriados thoroughly appreciates the change of pace.
You feel somewhat more hungry.
Unknown command.
Okay, then.
You barely miss the orc warlord. You grab the orc warlord.
The orc warlord is almost dead.
You constrict the orc warlord.
The orc warlord hits you with a +3 dire flail of protection!!
* * * LOW HITPOINT WARNING * * *
The orc warlord hits you with a +3 dire flail of protection!!
You die...

######### ........#
########## ........#
#........# ..>.....####
#........# ........'..##
#........#
........##..###........#
........###..##.o).....#
........# ##..[)@).....#
........# ####)[......#
##..##### ##.#######
##.##### ####.....###
##### .......###
#..........# #....
.......'.##
#..........######....
.......#..#
#...............(....
.......##.#
#..........######....
.......##.###..........#
#....


You could see an orc warlord.

Vanquished Creatures
  Erolcha (D:9)
  A hydra (Lair:2)
  Harold (Lair:2)
  Nergalle (Lair:1)
  A lindwurm (Lair:6)
  Pikel (D:4)
  A necromancer (Lair:6)
  A manticore (Lair:2)
  A cyclops (D:9)
  3 nameless horrors
  11 elephants
  3 black mambas
  A torpor snail (Lair:5)
  2 ice statues (IceCv)
  23 spiny frogs
  Maggie (D:8)
  4 rime drakes
  5 komodo dragons
  A troll (D:9)
  2 polar bears
  4 tyrant leeches (Lair:6)
  7 hippogriffs
  28 blink frogs
  Grinder (D:3)
  5 dream sheep
  4 wyverns
  2 wraiths (Lair:4)
  36 yaks
  A human (D:8)
  4 hogs (D:8)
  A basilisk (Lair:6)
  6 vampire mosquitoes (Lair:6)
  A hungry ghost (D:9)
  Edmund (D:3)
  6 wargs
  3 nagas (Lair:2)
  9 porcupines
  16 water moccasins
  A phantom (D:7)
  2 black bears (D:6)
  10 ice beasts
  2 orc warriors
  6 ogres
  2 sky beasts
  12 wolves
  A centaur (D:8)
  8 crocodiles
  2 big kobolds
  19 bullfrogs
  Blork the orc (D:4)
  4 gnoll sergeants (D:7)
  3 scorpions
  An electric eel (Lair:6)
  2 howler monkeys
  8 crimson imps
  A centaur zombie (D:7)
  8 hounds
  3 gnoll shamans (D:7)
  9 orc priests
  12 orc wizards
  An iguana (D:10)
  2 bullfrog skeletons
  Natasha (thrice) (D:3)
  7 worker ants
  2 yak simulacra (Lair:6)
  A polar bear simulacrum (Lair:6)
  4 wolf simulacra (Lair:6)
  8 mummies (Ossuary)
  31 gnolls
  13 adders
  2 river rats (D:5)
  4 shadow imps
  An ooze (D:2)
  8 worms
  An adder skeleton (D:6)
  A dart slug (D:4)
  3 leopard geckos
  52 orcs
  8 giant cockroaches
  2 gnoll zombies (Ossuary)
  8 goblins
  6 hobgoblins
  23 jackals
  4 quokkas
  2 ball pythons
  4 bats (D:1)
  9 frilled lizards
  2 hobgoblin zombies (Ossuary)
  14 kobolds
  4 orc zombies (Ossuary)
  12 rats
  4 river rat simulacra (Lair:6)
  A butterfly (Lair:2)
564 creatures vanquished.

Vanquished Creatures (collateral kills)
  Gastronok (Lair:1)
  Snorg (Lair:4)
  Josephine (Lair:4)
  5 hydras
  An ugly thing (IceCv)
  A black mamba (Lair:4)
  A spiny frog (Lair:6)
  A komodo dragon (Lair:3)
  4 blink frogs
  Prince Ribbit (D:8)
  A wraith (Lair:4)
  A hungry ghost (D:7)
  A naga (Lair:2)
  A water moccasin (Lair:6)
  7 ice beasts
  A phantom (D:9)
  A hornet zombie (D:9)
  2 bullfrogs
  A gnoll sergeant (D:7)
  A bullfrog zombie (D:7)
  A gnoll shaman (D:8)
  4 gnolls
  2 jackals (D:7)
  A fungus (Lair:4)
  A plant (Lair:6)
43 creatures vanquished.

Vanquished Creatures (others)
  2 slaves (D:4)
  An adder (D:4)
  3 orcs (D:4)
  A bush (Lair:6)
  17 fungi
  59 plants
83 creatures vanquished.

Grand Total: 690 creatures vanquished

Notes
Turn   | Place    | Note
-------+----------+-------------------------------------------
     0 | D:1      | slowcore the Naga Ice Elementalist began the quest for the
                  | Orb.
     0 | D:1      | Reached XP level 1. HP: 15/15 MP: 3/3
   218 | D:1      | Reached XP level 2. HP: 22/22 MP: 5/5
   992 | D:1      | Reached XP level 3. HP: 26/28 MP: 3/6
  1058 | D:2      | Learned a level 3 spell: Frozen Ramparts
  1695 | D:2      | Reached skill level 5 in Ice Magic
  1776 | D:2      | Reached XP level 4. HP: 32/36 MP: 8/8
  2339 | D:3      | Noticed Grinder
  2536 | D:3      | Noticed Natasha
  2540 | D:3      | Killed Natasha
  2540 | D:3      | Reached XP level 5. HP: 42/42 MP: 7/9
  2545 | D:3      | Noticed Natasha
  2546 | D:3      | Learned a level 4 spell: Summon Ice Beast
  2552 | D:3      | Killed Natasha
  2817 | D:3      | Noticed Natasha
  2824 | D:3      | Reached skill level 1 in Summonings
  2830 | D:3      | Killed Natasha
  3094 | D:3      | Reached XP level 6. HP: 42/49 MP: 10/10
  3492 | D:3      | Found a glowing silver altar of Zin.
  3497 | D:3      | Found an ornate altar of the Wu Jian Council.
  3500 | D:3      | Found an ancient bone altar of Kikubaaqudgha.
  3638 | D:4      | Noticed Edmund
  3650 | D:3      | Killed Edmund
  3650 | D:3      | Reached skill level 6 in Ice Magic
  3821 | D:4      | Reached XP level 7. HP: 55/55 MP: 4/12
  3927 | D:4      | Noticed a nameless horror
  4376 | D:4      | Found a stormy altar of Qazlal.
  4803 | D:4      | Noticed Pikel
  4817 | D:4      | Killed Pikel
  4817 | D:4      | Reached skill level 7 in Ice Magic
  4817 | D:4      | Reached XP level 8. HP: 45/62 MP: 4/14
  5011 | D:4      | Learned a level 4 spell: Hailstorm
  5103 | D:4      | Noticed Blork the orc
  5144 | D:4      | Killed Blork the orc
  5272 | D:4      | Reached skill level 1 in Conjurations
  5464 | D:5      | Entered Level 5 of the Dungeon
  5516 | D:5      | Found a sacrificial altar of Ru.
  5894 | D:5      | Reached skill level 8 in Ice Magic
  5944 | D:5      | Reached XP level 9. HP: 56/68 MP: 12/16
  5999 | D:5      | Found a glowing drain.
  6344 | D:6      | Found a sand-covered staircase.
  6351 | Ossuary  | Entered an ossuary
  7437 | D:6      | Reached skill level 5 in Spellcasting
  9347 | D:7      | Reached skill level 9 in Ice Magic
  9354 | D:7      | Reached skill level 5 in Conjurations
  9852 | D:7      | Reached skill level 5 in Summonings
 10120 | D:7      | Reached XP level 10. HP: 58/75 MP: 1/18
 10379 | D:7      | Reached skill level 5 in Dodging
 10389 | D:7      | Reached skill level 1 in Shields
 11411 | D:8      | Noticed Prince Ribbit
 11424 | D:8      | Killed Prince Ribbit
 11701 | D:8      | Found a staircase to the Lair.
 11839 | D:8      | Noticed Maggie
 11852 | D:8      | Killed Maggie
 12532 | D:8      | Found a shimmering altar of Xom.
 12814 | D:8      | Reached skill level 5 in Shields
 13111 | D:8      | Reached XP level 11. HP: 32/81 MP: 5/19
 13602 | D:9      | Noticed a cyclops
 13686 | D:9      | Killed a cyclops
 13700 | D:9      | Found a staircase to the Orcish Mines.
 13977 | D:9      | Noticed a nameless horror
 14447 | D:9      | Killed a nameless horror
 15250 | D:3      | Killed Grinder
 15396 | Orc:1    | Entered Level 1 of the Orcish Mines
 15396 | Orc:1    | Noticed Erolcha
 15510 | D:6      | Found a staircase to the Ecumenical Temple.
 15518 | Temple   | Entered the Ecumenical Temple
 15556 | Temple   | Became a worshipper of Cheibriados the Contemplative
 15696 | D:10     | Entered Level 10 of the Dungeon
 16248 | Lair:1   | Entered Level 1 of the Lair of Beasts
 16262 | Lair:1   | Reached skill level 1 in Invocations
 16286 | Lair:1   | Reached skill level 1 in Fighting
 16459 | Lair:1   | Noticed Gastronok
 16474 | Lair:1   | Killed Gastronok
 16685 | Lair:1   | Noticed Nergalle
 16690 | Lair:1   | Noticed an oklob plant
 16702 | Lair:1   | Killed Nergalle
 16702 | Lair:1   | Reached * piety under Cheibriados
 17843 | Lair:2   | Noticed Harold
 17851 | Lair:2   | Killed Harold
 17851 | Lair:2   | Reached XP level 12. HP: 79/99 MP: 4/20
 17855 | Lair:2   | Noticed a five-headed hydra
 17859 | Lair:2   | Killed a five-headed hydra
 18012 | Lair:2   | Found a staircase to the Shoals.
 18145 | Lair:2   | Found a staircase to the Snake Pit.
 18782 | Lair:3   | Noticed a five-headed hydra
 18790 | Lair:3   | Killed a five-headed hydra
 18790 | Lair:3   | Reached skill level 5 in Invocations
 18967 | Lair:3   | Reached ** piety under Cheibriados
 19286 | Lair:3   | Reached skill level 5 in Fighting
 20058 | Lair:3   | Learned a level 6 spell: Statue Form
 20290 | Lair:3   | Reached skill level 1 in Transmutations
 20290 | Lair:3   | Reached skill level 1 in Earth Magic
 20475 | Lair:4   | Identified a scroll of acquirement
 20678 | Lair:4   | Reached *** piety under Cheibriados
 20728 | Lair:4   | Found a frozen archway.
 20756 | IceCv    | Entered an ice cave
 20767 | IceCv    | Gained mutation: You can use your snake-like lower body to
                  | constrict enemies. [Naga growth]
 20767 | IceCv    | Reached XP level 13. HP: 78/111 MP: 4/21
 20936 | IceCv    | Identified the Papyrus of the Volcano (You acquired it in
                  | an ice cave)
 20942 | IceCv    | Learned a level 3 spell: Stone Arrow
 20961 | IceCv    | Reached **** piety under Cheibriados
 21098 | IceCv    | Got a wavering glass ring
 21101 | IceCv    | Identified the ring "Wateugot" {rN+ Str+4 Dex+6} (You found
                  | it in an ice cave)
 22507 | Lair:4   | Noticed Snorg
 22513 | Lair:4   | Killed Snorg
 22656 | Lair:4   | Noticed Josephine
 22678 | Lair:4   | Reached skill level 5 in Transmutations
 22678 | Lair:4   | Reached skill level 5 in Earth Magic
 22713 | Lair:4   | Killed Josephine
 23031 | Lair:4   | Upgraded the game from 0.25-a0-766-g0ecfff5 to
                  | 0.25-a0-782-g655279c
 23038 | Lair:4   | Learned a level 6 spell: Freezing Cloud
 23291 | Lair:5   | Found a staircase to the Slime Pits.
 23292 | Lair:5   | Found a viscous altar of Jiyva.
 23675 | Lair:5   | Reached ***** piety under Cheibriados
 24490 | Lair:6   | Entered Level 6 of the Lair of Beasts
 24495 | Lair:6   | Reached skill level 10 in Ice Magic
 24885 | Lair:6   | Reached XP level 14. HP: 107/123 MP: 6/22
 25083 | Lair:6   | Reached ****** piety under Cheibriados
 25139 | Lair:6   | Reached skill level 11 in Ice Magic
 26525 | D:9      | Paralysed by Erolcha for 3 turns
 26528 | D:9      | Killed Erolcha
 26753 | Orc:1    | Noticed an orc warlord
 26771 | D:9      | HP: 3/123 [orc warlord/+3 dire flail of protection (32)]
 26771 | D:9      | Demolished by an orc warlord

Levels and vault maps discovered:
D:1:      psy_arrival_terrarium, layout_basic, minmay_stone_trees_small,
          chequers_garden, st_stairs_12
D:2:      layout_basic, first_ration
D:3:      layout_loops_ring, minmay_overflow_temple_star_quad, uniq_natasha,
          uniq_grinder
D:4:      layout_loops_ring, nicolae_qazlal_general_emergency, uniq_edmund,
          uniq_blork_the_orc, uniq_pikel
D:5:      layout_loops_ring, basic_altar, portal_sewer_entry_b
D:6:      layout_layer_cave, minmay_temple_entry_from_below_b,
          chequers_ossuary_entry_cave, hex_medium, st_stairs_12
D:7:      layout_cave_pools, serial_gnoll_camp, gnoll_camp_mini_hut,
          gnoll_camp_mini_loothouse, gnoll_camp_huts_basic,
          gnoll_camp_medium_02, gnoll_camp_mini_sergeant, gnoll_camp_medium_01
D:8:      layout_basic, erik_lair_orcish_takeover, basic_altar, grunt_livestock,
          uniq_prince_ribbit1, uniq_maggie
D:9:      layout_roguey, minmay_orc_entry_guard_dogs
D:10:     layout_long_grid
Temple:   dpeg_five_rooms_temple
Lair:1:   layout_regular_city, grunt_megastairs_2, minmay_lair_oklob_chamber,
          uniq_nergalle, uniq_gastronok
Lair:2:   layout_layer_cave, minmay_shoals_entry_beasts,
          minmay_snake_entry_guardpost_small, ldierk_geyser, grunt_megastairs_3,
          lemuel_fruit_fields, infiniplex_staircase_pool, lemuel_fruit_tree,
          uniq_harold
Lair:3:   layout_big_grid, grunt_megastairs_1, lemuel_fruit_fields
Lair:4:   layout_regular_city, portal_ice_cave_entry_ice_beasts,
          serial_bayou_pond_a, serial_bayou_shore_b, uniq_snorg, uniq_josephine
Lair:5:   layout_cave_pods, slime_altar_1, lemuel_fruit_fields
Lair:6:   minmay_lair_end_frog_pond, layout_loops_ring, eino_house_with_fridge
Orc:1:    layout_caves, mines2_lemuel, uniq_erolcha

Skill      XL: |  1  2  3  4  5  6  7  8  9 10 11 12 13 14 |
---------------+-------------------------------------------+-----
Ice Magic      | 5 6 7 8 9 10 11 | 11.6
Dodging        | 2 3 4 6 7 8 |  8.0
Spellcasting   | 3 4 5 |  5.7
Summonings     | 1 2 4 5 |  5.3
Conjurations   | 2 5 7 8 |  8.8
Shields        | 5 8 9 |  9.7
Invocations    | 4 6 8 9 |  9.2
Fighting       | 3 6 7 |  7.0
Transmutations | 3 5 |  5.1
Earth Magic    | 3 5 |  5.1
Stealth        | |  3.0

Action                   |  1- 3 |  4- 6 |  7- 9 | 10-12 | 13-15 || total
-------------------------+-------+-------+-------+-------+-------++-------
Melee: Spear             |    44 |    82 |   256 |   354 |       ||   736
       Flail             |       |       |    45 |    80 |   397 ||   522
       Constrict         |       |       |       |       |   110 ||   110
 Cast: Freeze            |    19 |    29 |   113 |   264 |    40 ||   465
       Frozen Ramparts   |       |     1 |    26 |    66 |    36 ||   129
       Summon Ice Beast  |       |       |    16 |    51 |    45 ||   112
       Stone Arrow       |       |       |       |       |    33 ||    33
       Freezing Cloud    |       |       |       |       |     1 ||     1
Invok: Slouch            |       |       |       |       |     3 ||     3
 Abil: Spit Poison       |    32 |    17 |     4 |     2 |       ||    55
Evoke: Wand              |       |       |       |     3 |     2 ||     5
  Use: Potion            |       |       |     3 |     7 |     1 ||    11
       Scroll            |       |       |     7 |    11 |     6 ||    24
 Stab: Sleeping          |     3 |     7 |     5 |     8 |     3 ||    26
       Distracted        |       |       |       |     4 |     3 ||     7
  Eat: Chunk             |     3 |     7 |    13 |    13 |    10 ||    46
       Ration            |       |       |     2 |     7 |     2 ||    11
Armor: Robe              |     2 |     8 |    95 |    41 |       ||   146
       Troll leather arm |       |       |       |    96 |    85 ||   181
Dodge: Dodged            |    21 |    32 |   224 |   376 |   388 ||  1041
Block: Kite shield       |       |       |       |   244 |   497 ||   741

Table legend:
 A = Non-vault XP
 B = Vault XP
 C = Vault XP percentage of total XP
 D = Non-vault monster count
 E = Vault monster count
 F = Vault count percentage of total count
                 A         B        C        D         E       F
            +---------+---------+-------+---------+---------+-------
      Total |   47688 |   27456 |  36.5 |     414 |     187 |  31.1
            +---------+---------+-------+---------+---------+-------
        D:1 |      33 |       1 |   2.9 |      16 |       1 |   5.9
        D:2 |      91 |       0 |   0.0 |      32 |       0 |   0.0
        D:3 |     205 |     466 |  69.4 |      27 |       3 |  10.0
        D:4 |     540 |     728 |  57.4 |      30 |       2 |   6.2
        D:5 |     605 |      32 |   5.0 |      28 |       6 |  17.6
        D:6 |     817 |       0 |   0.0 |      23 |       0 |   0.0
        D:7 |    1186 |    1044 |  46.8 |      26 |      46 |  63.9
        D:8 |    1445 |    2190 |  60.2 |      27 |      16 |  37.2
        D:9 |    2154 |    1544 |  41.8 |      31 |       4 |  11.4
       D:10 |     333 |       0 |   0.0 |       7 |       0 |   0.0
     Lair:1 |    2526 |    2091 |  45.3 |       9 |       5 |  35.7
     Lair:2 |     912 |    2943 |  76.3 |       4 |       9 |  69.2
     Lair:3 |    6545 |     526 |   7.4 |      30 |       2 |   6.2
     Lair:4 |    7980 |    2506 |  23.9 |      40 |      13 |  24.5
     Lair:5 |    8372 |    1043 |  11.1 |      32 |       3 |   8.6
     Lair:6 |   13888 |   10501 |  43.1 |      46 |      52 |  53.1
      Orc:1 |      56 |       0 |   0.0 |       6 |       0 |   0.0
    Ossuary |       0 |     151 | 100.0 |       0 |      16 | 100.0
      IceCv |       0 |    1690 | 100.0 |       0 |       9 | 100.0
            +---------+---------+-------+---------+---------+-------
